 Dungeon Crawl Stone Soup version 0.24.0-1-gfbc8707 (webtiles) character file.

Game seed: 8619203465859492375, levelgen mode: deterministic

919 Charmandara the Frost Mage (level 8, -2/41 HPs)
             Began as a Kobold Ice Elementalist on Nov 7, 2019.
             Slain by dragoon's ghost (9 damage)
             ... on level 4 of the Dungeon.
             The game lasted 00:10:27 (4891 turns).

Charmandara the Frost Mage (KoIE)                   Turns: 4891, Time: 00:10:27

Health: -2/41      AC:  7    Str:  5      XL:     8   Next: 31%
Magic:  14/14      EV: 14    Int: 18      God:
Gold:   134        SH:  0    Dex: 14 (16) Spells: 1/15 levels left

rFire    . . .     SeeInvis .   a - +5 dagger
rCold    . . .     Gourm    .   (shield restricted)
rNeg     . . .     Faith    .   i - +3 leather armour
rPois    .         Spirit   .   l - +0 helmet
rElec    .         Reflect  .   (no cloak)
rCorr    .         Harm     .   (no gloves)
MR       .....                  (no boots)
Stlth    ++........             (no amulet)
HPRegen  0.13/turn              (no ring)
MPRegen  0.14/turn              (no ring)

@: no status effects
A: small, carnivore
a: no special abilities


You were on level 4 of the Dungeon.
You were very full.

You visited 1 branch of the dungeon, and saw 4 of its levels.
You also visited: Ossuary.

You collected 134 gold pieces.

Inventory:

Hand Weapons
 a - a +5 dagger (weapon)
   (You took it off a goblin on level 2 of the Dungeon)
 b - the +1 war axe of Jeeriwe {chop, rPois rN+ Dex+5}
   (You found it on level 4 of the Dungeon)

   It inflicts extra damage upon your enemies.
   It affects your dexterity (+5).
   It protects you from poison.
   It protects you from negative energy.
 t - a +1 dagger of venom
   (You took it off an orc wizard on level 4 of the Dungeon)
 w - a +5 morningstar
   (You took it off a wight in an ossuary)
Armour
 i - a +3 leather armour (worn)
   (You found it on level 1 of the Dungeon)
 l - a +0 helmet (worn)
   (You found it on level 4 of the Dungeon)
Wands
 k - a wand of digging (7)
   (You found it on level 4 of the Dungeon)
 s - a wand of polymorph (5)
   (You found it in an ossuary)
Scrolls
 e - 3 scrolls of enchant weapon
 g - 3 scrolls of teleportation
 h - 5 scrolls of remove curse
 o - 2 scrolls of fog
 u - 2 scrolls of silence
Potions
 d - a potion of brilliance
 n - a potion of magic
 p - 5 potions of curing
Comestibles
 c - 7 rations
 f - 4 chunks of flesh {@w0}


   Skills:
 - Level 2.4 Dodging
 - Level 2.6 Stealth
 - Level 4.0 Spellcasting
 - Level 1.0 Conjurations
 + Level 8.9 Ice Magic


You had one spell level left.
You knew the following spells:

 Your Spells              Type           Power        Failure   Level  Hunger
a - Freeze                Ice            ####         1%          1    None
b - Throw Icicle          Conj/Ice       ###.....     32%         4    ####...
c - Summon Ice Beast      Ice/Summ       ###.....     36%         4    ####...
x - Throw Frost           Conj/Ice       ###...       4%          2    ##.....
A - Ozocubu's Armour      Chrm/Ice       ###.....     12%         3    ###....

Your spell library contained the following spells:

 Spells                   Type           Power        Failure   Level  Hunger


Dungeon Overview and Level Annotations

Branches:
Dungeon (4/15)            Ossuary (visited)
 Temple: D:4-7

Altars:
Gozag
Sif Muna
Zin

Annotations:
D:4 dragoon's ghost, amateur OpCK


Innate Abilities, Weirdness & Mutations

You are small and have problems with some larger weapons.
You are carnivorous and can eat meat at any time.


Message History

The kobold closely misses you.
Unknown command.
You hit the kobold but do no damage.
The kobold is poisoned.
The kobold throws a poisoned dart.
The poisoned dart hits the kobold!
The kobold looks as sick as possible!
The kobold throws a curare-tipped dart.
The curare-tipped dart barely misses the kobold.
The curare-tipped dart hits the kobold.
The kobold looks as sick as possible!
The kobold convulses.
The kobold dies!
You miss dragoon's ghost.
The kobold dies!
The kobold throws a curare-tipped dart.
The curare-tipped dart barely misses the kobold.
The curare-tipped dart misses dragoon's ghost.
The curare-tipped dart closely misses you.
Dragoon's ghost feints to the right.
Dragoon's ghost hits you.
You take 2 damage, and have 24/41 hp.
Unknown command.
Your +1 dagger of venom stops dripping with poison.
a - a +5 dagger (weapon)
You feel very mighty all of a sudden.
The kobold throws a curare-tipped dart.
The curare-tipped dart barely misses the kobold.
The curare-tipped dart misses dragoon's ghost.
The curare-tipped dart closely misses you.
Dragoon's ghost hits you but does no damage.
Unknown command.
Unknown command.
You barely miss dragoon's ghost.
Dragoon's ghost keens inconsolably.
Dragoon's ghost completely misses you.
You completely miss dragoon's ghost. Dragoon's ghost misses you.
You completely miss dragoon's ghost. Dragoon's ghost barely misses you.
Unknown command.
You closely miss dragoon's ghost. Dragoon's ghost hits you.
You take 2 damage, and have 22/41 hp.
You completely miss dragoon's ghost.
You flicker for a moment.
Dragoon's ghost hits you.
You take 5 damage, and have 17/41 hp.
A film of ice covers your body! Dragoon's ghost hits you.
You now have 11/14 mp.
Unknown command.
You closely miss dragoon's ghost.
Dragoon's ghost hits you but does no damage.
You closely miss dragoon's ghost. Dragoon's ghost barely misses you.
Unknown command.
You completely miss dragoon's ghost.
Dragoon's ghost hits you but does no damage.
You miss dragoon's ghost. Dragoon's ghost completely misses you.
You closely miss dragoon's ghost.
You flicker back into view.
Dragoon's ghost closely misses you.
You miss dragoon's ghost. Dragoon's ghost hits you.
* * * LOW HITPOINT WARNING * * *
You take 6 damage, and have 11/41 hp.
You hit dragoon's ghost.
Dragoon's ghost hits you but does no damage.
Unknown command.
Aim: a kobold, wielding a +0 whip (chance to defeat MR: 63%)
Okay, then.
Your icy armour cracks and falls away as you move.
Dragoon's ghost says, "Very impressive.
But it won't help.
Nothing will."
Dragoon's ghost hits you.
* * * LOW HITPOINT WARNING * * *
You take 6 damage, and have 7/41 hp.
Dragoon's ghost shouts, "They lied to you.
The Dungeon just goes down and down forever."
The kobold closely misses you.
MP restored: 14 You closely miss the kobold.
The kobold misses you.
Dragoon's ghost says, "I break bones and crack skulls... with my bare hands."
The kobold hits you but does no damage.
There is an open translucent gate here.
Items here: (( )) †† a +1 dagger of draining; 4 poisoned darts; a +0 dagger of distortion {!w} 4 curare-tipped darts; a kobold corpse x2
The kobold barely misses you.
Items here: ( )) † a curare-tipped dart; a +0 whip of chaos the +8 short sword of Corruption {elec, rElec rPois rF+} a kobold corpse Dragoon's ghost hits you but does no damage.
Items here: ! ((( a curare-tipped dart; 2 poisoned darts; 2 stones 2 potions of degeneration {!q}
Aim: dragoon's ghost (lightly damaged)
You freeze dragoon's ghost. Dragoon's ghost closely misses you.
You now have 13/14 mp.
Unknown command.
Some of the chunks of flesh in your inventory have rotted away.
Dragoon's ghost hits you.
* * * LOW HITPOINT WARNING * * *
You take 2 damage, and have 6/41 hp.
MP restored: 14 You feel a little less mighty now.
Your magical contamination has completely faded away.
There is a stone staircase leading up here.
Dragoon's ghost hits you!
You die...

....#.#
#....##.((..#########.#.#
#.#.#.#
#.#...##K''##.........#.#
..#.#.#
#.#...((K......####.#.#.#
#.#.#.#
#.#KK####....>.#....#.#.#
#.#.#.#
#.#..#######.###.####.#.#
..#.#.# #>...K............#
#.#.# ###.#.#
#.#..#.#########..# #.#.#
....#.#
#.#..#K#..#.......###.#.#
#####.#
#.#..#.#@.#.#####..##.#.#
......#
#.#..#.#W##.######.##.#.#
#######
#.#..#....#.#.......#.#.#
#.#..######.#.#####.#.#.#
#.#.........#.# #.#.#.#
#.#.#########.# #.#.#.#
#.#...........# #.#.#.#
#.#################.#.#.#
###.##................#.#.#


You could see dragoon's ghost.

Vanquished Creatures
  2 wraiths (Ossuary)
  An orc warrior (D:4)
  2 wights (Ossuary)
  A howler monkey (D:4)
  2 hounds (D:4)
  3 orc wizards (D:4)
  Terence (D:2)
  Natasha (D:2)
  2 worker ants (D:4)
  10 adders
  An ooze (D:2)
  2 adder skeletons (D:4)
  A dart slug (D:2)
  6 worms
  3 leopard geckos
  7 orcs
  2 ball pythons
  5 giant cockroaches
  6 goblins
  9 hobgoblins
  2 quokkas
  2 ball python skeletons (Ossuary)
  6 bats
  7 frilled lizards
  A hobgoblin skeleton (Ossuary)
  A hobgoblin zombie (Ossuary)
  7 kobolds
  3 kobold zombies (Ossuary)
  3 orc skeletons (Ossuary)
  11 rats
110 creatures vanquished.

Vanquished Creatures (others)
  4 kobolds (D:4)
4 creatures vanquished.

Grand Total: 114 creatures vanquished

Notes
Turn   | Place    | Note
-------+----------+-------------------------------------------
     0 | D:1      | Charmandara the Kobold Ice Elementalist began the quest for
                  | the Orb.
     0 | D:1      | Reached XP level 1. HP: 10/10 MP: 3/3
   224 | D:1      | Reached XP level 2. HP: 13/15 MP: 0/5
   638 | D:1      | Reached skill level 4 in Ice Magic
   638 | D:1      | Reached XP level 3. HP: 8/19 MP: 0/6
   816 | D:1      | Learned a level 2 spell: Throw Frost
   820 | D:1      | Learned a level 3 spell: Ozocubu's Armour
  1088 | D:2      | Noticed Terence
  1096 | D:2      | Killed Terence
  1096 | D:2      | Reached skill level 3 in Spellcasting
  1096 | D:2      | Reached XP level 4. HP: 24/24 MP: 2/8
  1770 | D:2      | Learned a level 4 spell: Throw Icicle
  1794 | D:2      | Noticed Natasha
  1799 | D:2      | Killed Natasha
  1799 | D:2      | Reached skill level 4 in Spellcasting
  1799 | D:2      | Reached XP level 5. HP: 23/28 MP: 5/11
  1912 | D:2      | Found an opulent altar of Gozag.
  2684 | D:3      | Found a shimmering blue altar of Sif Muna.
  3327 | D:3      | Reached skill level 5 in Ice Magic
  3522 | D:4      | Reached XP level 6. HP: 32/32 MP: 9/12
  3577 | D:4      | Got a transparent war axe
  3578 | D:4      | Identified the +1 war axe of Jeeriwe {chop, rPois rN+
                  | Dex+5} (You found it on level 4 of the Dungeon)
  3687 | D:4      | Reached skill level 6 in Ice Magic
  3749 | D:4      | Found a sand-covered staircase.
  3759 | Ossuary  | Entered an ossuary
  3849 | Ossuary  | Noticed a flying skull
  3849 | Ossuary  | Noticed a wraith
  3856 | Ossuary  | Noticed a flying skull
  3886 | Ossuary  | Noticed a flying skull
  3892 | Ossuary  | Noticed a wraith
  3903 | Ossuary  | Killed a wraith
  3903 | Ossuary  | Reached XP level 7. HP: 22/36 MP: 13/13
  3918 | Ossuary  | HP: 9/36 [wight/+5 morningstar (1)]
  3921 | Ossuary  | Reached skill level 7 in Ice Magic
  3933 | Ossuary  | Noticed a flying skull
  3955 | Ossuary  | Noticed a wraith
  3959 | Ossuary  | Killed a wraith
  4098 | D:4      | Found a glowing silver altar of Zin.
  4105 | D:4      | Found a glowing drain.
  4126 | D:4      | Reached skill level 8 in Ice Magic
  4130 | D:4      | Reached XP level 8. HP: 30/41 MP: 6/14
  4176 | D:4      | Learned a level 4 spell: Summon Ice Beast
  4525 | D:4      | Noticed dragoon's ghost (amateur OpCK)
  4526 | D:4      | Found a runed translucent gate.
  4527 | D:4      | Found a runed translucent gate.
  4527 | D:4      | Found a runed translucent gate.
  4528 | D:4      | Identified the +8 short sword of Corruption {elec, rElec
                  | rPois rF+}
  4871 | D:4      | HP: 7/41 [dragoon's ghost (6)]
  4883 | D:4      | HP: 6/41 [dragoon's ghost (3)]
  4891 | D:4      | Slain by dragoon's ghost

Levels and vault maps discovered:
D:1:      shiori_shiawase, layout_basic, minmay_box_of_dots
D:2:      minmay_recursive_quarters, layout_basic, grunt_gozag_breadcrumbs,
          serial_rivers, chequers_serial_rivers_marsh,
          chequers_serial_rivers_large_a, chequers_serial_rivers_marsh,
          chequers_serial_rivers_room_a, uniq_natasha, uniq_terence
D:3:      layout_loops_cross, lemuel_round_altar
D:4:      layout_basic, lemuel_round_altar, first_ration,
          lightli_ossuary_entry_decrepit_ruins, gup_sewer_entry_glass,
          gammafunk_ghost_nasty_kobolds

Skill      XL: |  1  2  3  4  5  6  7 |
---------------+----------------------+-----
Ice Magic      | 4 5 6 8 |  8.9
Spellcasting   | 3 4 |  4.0
Dodging        | |  2.4
Stealth        | |  2.6
Conjurations   | |  1.0

Action                   |  1- 3 |  4- 6 |  7- 9 || total
-------------------------+-------+-------+-------++-------
Melee: Dagger            |    45 |    47 |    22 ||   114
       War axe           |       |    29 |    67 ||    96
 Cast: Freeze            |    36 |    77 |    16 ||   129
       Throw Frost       |       |     5 |       ||     5
       Ozocubu's Armour  |       |       |     1 ||     1
  Use: Scroll            |       |     7 |     4 ||    11
       Potion            |       |     5 |     5 ||    10
 Stab: Sleeping          |       |     9 |     7 ||    16
       Invisible         |       |       |     1 ||     1
  Eat: Chunk             |     4 |    14 |     3 ||    21
Armor: Robe              |    11 |       |       ||    11
       Leather armour    |       |    36 |    38 ||    74
Dodge: Dodged            |    58 |   127 |    86 ||   271

Levels and vault maps discovered:
D:1:      shiori_shiawase, layout_basic, minmay_box_of_dots
D:2:      minmay_recursive_quarters, layout_basic, grunt_gozag_breadcrumbs,
          serial_rivers, chequers_serial_rivers_marsh,
          chequers_serial_rivers_large_a, chequers_serial_rivers_marsh,
          chequers_serial_rivers_room_a, uniq_natasha, uniq_terence
D:3:      layout_loops_cross, lemuel_round_altar
D:4:      layout_basic, lemuel_round_altar, first_ration,
          lightli_ossuary_entry_decrepit_ruins, gup_sewer_entry_glass,
          gammafunk_ghost_nasty_kobolds

Table legend:
 A = Turns spent in this place as a percentage of turns spent in the entire game.
 B = Non-inter-level travel turns spent in this place as a percentage of non-inter-level travel turns spent in the entire game.
 C = Inter-level travel turns spent in this place as a percentage of turns spent in this place.
 D = Turns resting spent in this place as a percentage of non-inter-level travel turns spent in this place.
 E = Turns spent auto-exploring this place as a percentage of non-inter-level travel turns spent in this place.
 F = Non-inter-level travel turns spent in this place divided by the number of levels of this place that you've seen.
                   A       B       C       D       E      F
               +-------+-------+-------+-------+-------+----------------------
         Total | 100.0 | 100.0 |   3.9 |  18.9 |  52.8 | 940.2
       Dungeon |  94.2 |  94.0 |   4.1 |  20.1 |  55.3 | 1104.2
       Ossuary |   5.8 |   6.0 |   0.0 |   0.0 |  14.1 | 284.0
               +-------+-------+-------+-------+-------+----------------------

Table legend:
 A = Kills in this place as a percentage of kills in entire the game.
 B = Kills by you in this place as a percentage of kills by you in the entire game.
 C = Kills by friends in this place as a percentage of kills by friends in the entire game.
 D = Other kills in this place as a percentage of other kills in the entire game.
 E = Experience gained in this place as a percentage of experience gained in the entire game.
 F = Experience gained in this place divided by the number of levels of this place that you have seen.
                   A       B       C       D       E      F
               +-------+-------+-------+-------+-------+----------------------
         Total | 100.0 | 100.0 |   N/A | 100.0 | 100.0 | 262.6
       Dungeon |  87.4 |  87.3 |   N/A | 100.0 |  59.8 | 196.2
       Ossuary |  12.6 |  12.7 |   N/A |   0.0 |  40.2 | 528.0
               +-------+-------+-------+-------+-------+----------------------
